 Dungeon Crawl Stone Soup version 0.29.0-4-gdea44cf6ec (webtiles) character file.

Game seed: 11784917477608070237

467 qw the Chopper (level 7, -5/41 HPs)
             Began as a Tengu Warper on Aug 28, 2022.
             Was an Initiate of Okawaru.
             Slain by an iguana (9 damage)
             ... on level 4 of the Dungeon.
             The game lasted 00:00:23 (3504 turns).

qw the Chopper (Tengu Warper)                       Turns: 3504, Time: 00:00:23

Health: -5/41      AC:  6    Str: 13    XL:     7   Next: 8%
Magic:  11/11      EV: 11    Int: 14    God:    Okawaru [......]
Gold:   165        SH:  0    Dex: 13    Spells: 10/10 levels left

rFire   . . .      SeeInvis .   Y - +5 hand axe (flame)
rCold   . . .      Faith    .   (no shield)
rNeg    . . .      Spirit   .   c - +0 scale mail
rPois   .          Reflect  .   (helmet restricted)
rElec   .          Harm     .   (no cloak)
rCorr   .          Rampage  .   (no gloves)
Will    .....                   (boots unavailable)
Stlth   ..........              (no amulet)
HPRegen 0.13/turn               (no ring)
MPRegen 0.12/turn               (no ring)

@: flying quickly and evasively, quick
A: beak, talons 3, nimble flight
a: Renounce Religion


You were on level 4 of the Dungeon.
You worshipped Okawaru.
Okawaru was noncommittal.
You visited 1 branch of the dungeon, and saw 4 of its levels.

You collected 165 gold pieces.


Innate Abilities, Weirdness & Mutations

You have a beak for a mouth.
You have claws for feet.
Your magical nature lets you fly swiftly and evasively.


   Skills:
 - Level 3.0 Fighting
 + Level 7.7 Axes
 - Level 1.0 Throwing
 - Level 1.1 Armour
 - Level 2.1 Dodging
 - Level 2.0 Spellcasting
 - Level 2.4 Translocations


You had 10 spell levels left.
You didn't know any spells.
Your spell library contained the following spells:

 Spells                   Type           Power      Damage    Failure   Level
 Blink                    Tloc           16%        N/A       54%         2
 Gell's Gravitas          Tloc           8%         N/A       78%         3
 Lesser Beckoning         Tloc           8%         N/A       78%         3
 Teleport Other           Tloc           8%         N/A       78%         3
 Manifold Assault         Tloc           8%         N/A       100%        5

Inventory:

Hand Weapons
 Y - a +5 hand axe of flaming (weapon)
Missiles
 e - 2 boomerangs (quivered)
Armour
 c - a +0 scale mail (worn)
 l - a +0 kite shield
Scrolls
 b - a scroll of butterflies {unknown}
 m - 2 scrolls of identify
Potions
 a - a potion of lignification {unknown}
 f - a potion of magic {unknown}
 g - a potion of might {unknown}
 h - a potion of mutation {unknown}
 i - 2 potions of heal wounds {unknown}
 j - a potion of cancellation {unknown}
 k - a potion of curing

Dungeon Overview and Level Annotations

Branches:
Dungeon (4/15)
 Temple: D:4-7

Altars:
Gozag
Makhleb
Okawaru
Uskayaw
Wu Jian
Xom
The Shining One

Shops:
D:4 (

Annotations:
D:4 Menkaure


Message History

Enter note:
3495 ||| READING scroll of teleportation.
As you read the scroll of teleportation, it crumbles to dust.
You feel strangely unstable. The scorpion closely misses you.
The scorpion misses you.
You slash the scorpion! You burn the scorpion.
The scorpion is heavily wounded.
The scorpion stings you but does no damage.
You barely miss the scorpion. Your kick misses the scorpion.
You peck the scorpion. Your punch misses the scorpion.
The scorpion is severely wounded.
The scorpion stings you but does no damage.
You hit the scorpion but do no damage.
The scorpion is severely wounded.
The scorpion stings you but does no damage.
You closely miss the scorpion. Your kick misses the scorpion.
Your peck misses the scorpion.
The scorpion is severely wounded.
The scorpion barely misses you.
You slash the scorpion! You burn the scorpion.
You kill the scorpion!
Okawaru accepts your kill.
Your surroundings suddenly seem different.
An iguana and an orc come into view.
Found the Vellum of the Battered Orbs.
The orc shouts!
You have reached level 7!
Enter note: You hit the iguana.
You burn the iguana. Your kick misses the iguana. Your peck misses the iguana.
The iguana is moderately wounded.
The iguana completely misses you.
You hit the iguana. You burn the iguana. You claw the iguana, but do no damage.
You peck the iguana, but do no damage.
The iguana is severely wounded.
The iguana misses you.
You hit the iguana. You burn the iguana. You claw the iguana, but do no damage.
The iguana is severely wounded.
The iguana bites you!
You die...

.... ##########
...#
######...:.....
...#
#..............
...#
+..............
...#
#.....o@l......
...#
#..............
...+
#..............
...#
#####...###########
.#####..######
.#...........+
.'...........#
.#....<......#
.#...........#


You could see an iguana and an orc.

Vanquished Creatures
  2 scorpions
  A hound (D:2)
  2 jellies
  2 orc priests (D:3)
  An orc wizard (D:4)
  4 gnolls (D:4)
  4 adders
  2 worms (D:2)
  2 orcs (D:3)
  8 ball pythons
  3 endoplasms
  3 giant cockroaches
  16 goblins
  11 hobgoblins
  4 jackals (D:4)
  2 quokkas
  4 bats
  5 frilled lizards
  8 kobolds
  7 rats
91 creatures vanquished.

Notes
Turn   | Place    | Note
-------+----------+-------------------------------------------
     0 | D:1      | qw the Tengu Warper began the quest for the Orb.
     0 | D:1      | Reached XP level 1. HP: 12/12 MP: 4/4
     0 | D:1      | 0 ||| qw: Version: 0.1-a-89-g26bdef1
     0 | D:1      | 0 ||| qw: Game counter: 2189
     0 | D:1      | 0 ||| qw: Always use a shield: true
     0 | D:1      | 0 ||| qw: God list: Okawaru
     0 | D:1      | 0 ||| qw: Allow faded altars: false
     0 | D:1      | 0 ||| qw: Do Orc after D:15 true
     0 | D:1      | 0 ||| qw: Do second Lair branch before Depths: true
     0 | D:1      | 0 ||| qw: Lair rune preference: random
     0 | D:1      | 0 ||| qw: Plans: Normal
     0 | D:1      | 0 ||| PLANNING D:1-11
    99 | D:1      | 99 ||| Stepping ~*~*~tactically~*~*~ (stealth).
   107 | D:1      | 107 ||| Stepping ~*~*~tactically~*~*~ (stealth).
   113 | D:1      | 113 ||| Stepping ~*~*~tactically~*~*~ (stealth).
   114 | D:1      | 114 ||| Stepping ~*~*~tactically~*~*~ (stealth).
   209 | D:1      | Reached XP level 2. HP: 16/17 MP: 6/6
   257 | D:1      | Reached skill level 3 in Axes
   692 | D:1      | 692 ||| READING scroll labelled JOURUL FEAB.
   693 | D:1      | 693 ||| READING scroll labelled USOBRYIROGH.
   694 | D:1      | 694 ||| READING scroll labelled VODE LIXERU.
   694 | D:1      | Identified a scroll of acquirement
   694 | D:1      | 694 ||| ACQUIRING +3 hand axe of venom
   694 | D:1      | Acquired a +3 hand axe of venom
   696 | D:1      | 696 ||| SWAPPING to +3 hand axe of venom.
   697 | D:1      | 697 ||| DROPPING +0 hand axe.
   698 | D:1      | 698 ||| READING scroll labelled SIOCZA SOUFRIBO.
   699 | D:1      | 699 ||| READING scroll labelled SOIS YN TADUF.
   702 | D:1      | 702 ||| DROPPING scroll of blinking.
   802 | D:2      | Reached XP level 3. HP: 21/21 MP: 7/7
   875 | D:2      | 875 ||| Stepping ~*~*~tactically~*~*~ (stealth).
   876 | D:2      | 876 ||| Stepping ~*~*~tactically~*~*~ (stealth).
   906 | D:2      | Reached skill level 4 in Axes
   929 | D:2      | Found a hide-covered altar of Uskayaw.
   973 | D:2      | Reached XP level 4. HP: 22/26 MP: 8/8
  1133 | D:2      | Reached skill level 5 in Axes
  1328 | D:2      | 1328 ||| READING scroll labelled CUIMOI FEIGU.
  1329 | D:2      | 1329 ||| READING scroll labelled NOODEA LOAMN.
  1330 | D:2      | 1330 ||| READING 2 scrolls labelled BYADWUKHLAETO.
  1331 | D:2      | 1331 ||| READING scroll labelled USUAGR OGGASS.
  1332 | D:2      | 1332 ||| READING scroll labelled RIBOICL PEICO.
  1479 | D:2      | 1479 ||| DROPPING scroll of immolation.
  1603 | D:3      | 1603 ||| Stepping ~*~*~tactically~*~*~ (stealth).
  1605 | D:3      | 1605 ||| Stepping ~*~*~tactically~*~*~ (stealth).
  1609 | D:3      | 1609 ||| Stepping ~*~*~tactically~*~*~ (stealth).
  1610 | D:3      | 1610 ||| Stepping ~*~*~tactically~*~*~ (stealth).
  1760 | D:3      | 1760 ||| Stepping ~*~*~tactically~*~*~ (stealth).
  1796 | D:3      | Found an iron altar of Okawaru.
  1807 | D:3      | Became a worshipper of Warmaster Okawaru
  1960 | D:3      | 1960 ||| READING scroll of enchant weapon.
  1960 | D:3      | 1960 ||| ENCHANTING +4 hand axe of protection.
  2050 | D:3      | Found a shimmering altar of Xom.
  2054 | D:3      | Found an opulent altar of Gozag.
  2059 | D:3      | Found a glowing golden altar of the Shining One.
  2104 | D:3      | Gained mutation: Your magical nature lets you fly swiftly
                  | and evasively. [Tengu growth]
  2104 | D:3      | Reached XP level 5. HP: 26/30 MP: 9/9
  2182 | D:3      | 2182 ||| DROPPING +0 whip.
  2288 | D:3      | 2288 ||| READING scroll of brand weapon.
  2288 | D:3      | 2288 ||| BRANDING +5 hand axe of protection.
  2289 | D:3      | 2289 ||| DROPPING +0 whip of venom.
  2366 | D:3      | Found a hide-covered altar of Uskayaw.
  2366 | D:3      | Found a burning altar of Makhleb.
  2367 | D:3      | Found an ornate altar of the Wu Jian Council.
  2375 | D:3      | Reached skill level 6 in Axes
  2561 | D:3      | 2561 ||| READING scroll labelled BEAKHL OKKA.
  2562 | D:3      | 2562 ||| READING scroll labelled DUEFAUNIPO.
  2563 | D:3      | 2563 ||| DRINKING 3 grey potions.
  2564 | D:3      | 2564 ||| DRINKING 2 golden potions.
  2565 | D:3      | 2565 ||| DROPPING 2 potions of attraction.
  2566 | D:3      | 2566 ||| READING 2 scrolls of teleportation.
  2588 | D:4      | 2588 ||| STAIRDANCE
  2593 | D:3      | Reached XP level 6. HP: 10/35 MP: 10/10
  2596 | D:3      | Reached skill level 7 in Axes
  2821 | D:3      | 2821 ||| UPGRADING to +0 scale mail.
  2831 | D:3      | 2831 ||| DROPPING +0 leather armour.
  2940 | D:4      | 2940 ||| Stepping ~*~*~tactically~*~*~ (hiding).
  2941 | D:4      | 2941 ||| Stepping ~*~*~tactically~*~*~ (hiding).
  3205 | D:4      | Found Netaeps's Weapon Boutique.
  3220 | D:4      | 3220 ||| SHOPLISTING +1 broad axe of flaming (184 gold,
                  | have 146).
  3235 | D:4      | Reached skill level 3 in Fighting
  3236 | D:4      | 3236 ||| Stepping ~*~*~tactically~*~*~ (stealth).
  3291 | D:4      | 3291 ||| Stepping ~*~*~tactically~*~*~ (stealth).
  3293 | D:4      | 3293 ||| Stepping ~*~*~tactically~*~*~ (stealth).
  3296 | D:4      | 3296 ||| Stepping ~*~*~tactically~*~*~ (stealth).
  3482 | D:4      | Noticed Menkaure
  3483 | D:4      | 3483 ||| Stepping ~*~*~tactically~*~*~ (hiding).
  3490 | D:4      | HP: 5/37 [Menkaure (6)]
  3491 | D:4      | 3491 ||| READING 2 scrolls of teleportation.
  3493 | D:4      | HP: 2/37 [Menkaure (3)]
  3495 | D:4      | 3495 ||| READING scroll of teleportation.
  3501 | D:4      | Reached XP level 7. HP: 4/41 MP: 11/11
  3504 | D:4      | Slain by an iguana

Levels and vault maps discovered:
D:1:      ebering_hopf_link, layout_rooms
D:2:      layout_rooms, basic_altar, kennysheep_generic_room_12
D:3:      kennysheep_the_goblin_king, layout_loops_ring,
          gammafunk_temple_overflow_claw, lemuel_doored_altar,
          grunt_temple_overflow_diamond
D:4:      layout_gridville, serial_shops, nicolae_shop_bloodbath_and_beyond,
          uniq_edmund, uniq_blork_the_orc, uniq_menkaure

Skill      XL: |  1  2  3  4  5  6 |
---------------+-------------------+-----
Axes           | 3 4 5 6 7 |  7.7
Fighting       | 3 |  3.0
Throwing       | |  1.0
Armour         | |  1.1
Dodging        | |  2.1
Spellcasting   | |  2.0
Translocations | |  2.4

Action                   |  1- 3 |  4- 6 |  7- 9 || total
-------------------------+-------+-------+-------++-------
Melee: Hand axe          |    49 |   118 |     3 ||   170
       Peck              |     2 |    19 |     1 ||    22
       Kick              |    12 |    35 |     2 ||    49
Throw: Boomerang         |     7 |    13 |       ||    20
  Use: Scroll            |     5 |    12 |       ||    17
       Potion            |       |     2 |       ||     2
Armor: Leather armour    |     9 |    10 |       ||    19
       Scale mail        |       |    19 |       ||    19
Dodge: Dodged            |    20 |    52 |     2 ||    74

Table legend:
 A = Non-vault XP
 B = Vault XP
 C = Vault XP percentage of total XP
 D = Non-vault monster count
 E = Vault monster count
 F = Vault count percentage of total count
                 A         B        C        D         E       F
            +---------+---------+-------+---------+---------+-------
      Total |     653 |      15 |   2.2 |      83 |       8 |   8.8
            +---------+---------+-------+---------+---------+-------
        D:1 |      21 |       0 |   0.0 |      14 |       0 |   0.0
        D:2 |      99 |       1 |   1.0 |      22 |       1 |   4.3
        D:3 |     258 |      14 |   5.1 |      23 |       7 |  23.3
        D:4 |     275 |       0 |   0.0 |      24 |       0 |   0.0
            +---------+---------+-------+---------+---------+-------
